AoeStats
← pappery

MegaRandom

508987546Analyzed
4v4 RM · 8d ago on Sep 25, 2026· 38m 20s· 8 players
Game mode
Random Map
Map size
Large (8 player)
Population
200
Speed
Normal
Resources
Standard
Victory
Conquest
Starting age
Dark Age
Ending age
Imperial Age
RankedLock teamsTeams togetherTeam positionsShared explorationLock speedFull tech treeHidden civsTurbo modeCheats
Victory
Defeat
🇺🇸 Malay · United States
920
+12
🇺🇸 Britons · United States
883
+13
🇨🇱 Mapuche · Chile
821
+16
🇹🇼 Chinese · Taiwan
811
+16
🇨🇦 Varangians · Canada
905
-17
🇺🇸 Saxons · United States
879
-17
🇺🇸 Danes · United States
823
-14
🇨🇦 Franks · Canada
687
-20
Mega Chad
6:17 Loom
11:14 Feudal Age
15:17 Castle Age
13:58 Double-Bit Axe
14:26 Gold Mining
15:00 Horse Collar
18:00 Bow Saw
18:44 Stone Mining
19:39 Wheelbarrow
21:19 Heavy Plow
24:33 Squires
26:22 Arson
27:57 Forging
28:46 Scale Mail Armor
29:21 Iron Casting
29:53 Chain Mail Armor
34:09 Fletching
TheGryph
5:55 Loom
10:30 Feudal Age
11:46 Double-Bit Axe
12:08 Horse Collar
18:05 Castle Age
18:11 Fletching
18:21 Padded Archer Armor
19:22 Gold Mining
19:25 Stone Mining
23:03 Crossbowman
24:17 Pikeman
25:34 Bodkin Arrow
26:32 Forging
29:44 Leather Archer Armor
30:05 Iron Casting
30:42 Squires
31:48 Scale Mail Armor
32:26 Heavy Plow
32:39 Bow Saw
33:56 Ballistics
33:35 Murder Holes
35:54 Wheelbarrow
35:04 Town Watch
36:16 Thumb Ring
37:13 Masonry
pappery
9:05 Loom
12:02 Feudal Age
14:10 Double-Bit Axe
15:27 Wheelbarrow
19:26 Forging
19:18 Scale Mail Armor
23:27 Castle Age
27:12 Pikeman
o k
5:43 Loom
10:17 Feudal Age
11:57 Double-Bit Axe
12:36 Bloodlines
21:24 Castle Age
23:08 Pikeman
29:09 Fletching
29:29 Scale Barding Armor
34:48 Forging
pedro bismol
9:43 Loom
11:45 Feudal Age
15:40 Castle Age
14:31 Double-Bit Axe
21:46 Husbandry
24:38 Devotion
31:31 Gold Mining
rosa sharts
0:40 Loom
17:53 Feudal Age
21:47 Castle Age
20:23 Fletching
20:35 Padded Archer Armor
22:55 Horse Collar
23:05 Double-Bit Axe
24:51 Gold Mining
25:34 Bodkin Arrow
28:56 Wheelbarrow
32:25 Yeomen
Tu odio me fortalece
0:29 Loom
9:35 Feudal Age
10:07 Double-Bit Axe
12:34 Arson
14:17 Horse Collar
15:44 Champi Runner
18:21 Gold Mining
18:24 Stone Mining
24:31 Castle Age
23:16 Forging
23:06 Scale Mail Armor
23:32 Scale Mail Armor
26:09 Wheelbarrow
26:56 Stone Shaft Mining
26:36 Bow Saw
27:25 Fletching
27:36 Padded Archer Armor
29:06 Hand Cart
28:37 Town Watch
29:34 Iron Casting
29:15 Chain Mail Armor
28:47 Treadmill Crane
31:21 Town Patrol
31:56 Heavy Plow
31:20 Pikeman
33:58 Gold Shaft Mining
33:51 Ballistics
33:27 Murder Holes
33:50 Chain Mail Armor
33:31 Bodkin Arrow
33:52 Leather Archer Armor
33:17 Champi Warrior
34:58 Masonry
39:16 Imperial Age
36:19 Elite Skirmisher
38:42 Malon
SUSUKI
0:34 Loom
12:44 Feudal Age
15:10 Wheelbarrow
15:34 Horse Collar
18:11 Castle Age
16:32 Double-Bit Axe
20:47 Town Watch
21:44 Bow Saw
23:36 Heavy Plow
24:53 Hand Cart
27:06 Gold Mining
27:07 Stone Mining
32:35 Imperial Age
31:48 Gold Shaft Mining
31:49 Stone Shaft Mining
31:22 Murder Holes
31:48 Ballistics
31:42 Bloodlines
31:59 Fletching
33:14 Pikeman
35:56 Two-Man Saw
35:13 Caravan
35:28 Bodkin Arrow
36:43 Chemistry
36:32 Thumb Ring
35:53 Light Cavalry
Connection lost

Rejoining the realm…

Still unreachable

The connection could not be restored.

Session expired

The server has moved on; the page needs a fresh start.